idiot, lawful female human Valkyrie --- --.---- -.@...| ...s.| -- |.*...-- |....h --.... -... G... ...-. ---. . - -- idiot the Skirmisher Experience level: 5 Strength: 17 Dexterity: 14 Constitution: 18 Intelligence: 8 Wisdom: 11 Charisma: 11 Health: 0(40) Energy: 10(10) Def: 4 Gold: 56 Moves: 1179 Dungeon seed: Nj_sQrWL_G3diGjS Game ID: idiot_1535489156 Your Inventory: Coins $ - 56 gold pieces Amulets D - an uncursed amulet of magical breathing Weapons a - a blessed corroded +1 long sword (weapon in hand) i - 9 uncursed +0 darts (in quiver) m - 6 uncursed +0 arrows A - an uncursed +0 dagger E - 13 cursed -1 arrows Armor e - a blessed +3 small shield (being worn) n - an uncursed +0 helm of brilliance r - a blessed +0 studded leather armor Comestibles c - 3 uncursed food rations f - an uncursed tripe ration g - an uncursed slime mold t - an uncursed cram ration w - 2 uncursed eggs Wands j - an uncursed wand of slow monster (0:3) k - an uncursed wand of probing (0:5) l - an uncursed wand of death (0:5) G - a blessed wand of digging (0:3) Tools b - an uncursed blindfold d - an uncursed oil lamp (0:1262) h - an uncursed sack v - 2 blessed tallow candles (0:200) x - an uncursed wax candle (0:400) C - an uncursed tallow candle (0:200) Gems q - an uncursed worthless piece of black glass y - an uncursed agate stone z - an uncursed worthless piece of green glass F - an uncursed worthless piece of yellow glass N - an uncursed worthless piece of white glass Y - an uncursed amber stone Contents of the sack: 292 gold pieces an uncursed scroll of amnesia an uncursed spellbook of blank paper an uncursed spellbook of detect unseen Spells and supernatural/magical abilities: Name Level Category Cost Memory W - pray for help -- divine ? -- Your skills at the end: Fighting Skills wands [Basic] Weapon Skills dagger [Basic] long sword [Basic] Spellcasting Skills Final Attributes: You were piously aligned. You were immune to cold. You were stealthy. You were lucky. You last prayed 270 turns ago. Tyr was noncommittal. You are dead. Vanquished creatures: 2 gnome kings 4 gnome lords an acid blob 2 coyotes a gas spore a hobbit a large kobold a hobgoblin a giant rat a yellow mold a green mold 15 gnomes 3 jackals 3 kobolds a sewer rat 5 grid bugs 3 lichens 2 newts 48 creatures vanquished. Voluntary challenges: You followed a strict vegan diet. You used a wielded weapon 72 times, starting on turn 103. You were illiterate. You never genocided any monsters. You never polymorphed an object. You never changed form. You used no wishes. You never split a pudding. You never wrote Elbereth's name. You never violated your personal moral code. You disabled loading bones files. Dungeon overview: The Dungeons of Doom: levels 1 to 5 Level 1 a long staircase Level 2 Level 3 Level 4 a sink stairs to The Gnomish Mines Level 5 The Gnomish Mines: levels 5 to 7 Level 5 stairs to The Dungeons of Doom Level 6 Level 7 <- You were here History has recorded: On T:1 you entered the Dungeons of Doom to retrieve the Amulet of Yendor! On T:152 you reached level 2 of The Dungeons of Doom. On T:192 you reached level 3 of The Dungeons of Doom. On T:401 you advanced to experience level 2. On T:600 you reached level 4 of The Dungeons of Doom. On T:622 you advanced to experience level 3. On T:765 you reached level 5 of The Dungeons of Doom. On T:811 you reached level 1 of The Gnomish Mines. On T:888 you advanced to experience level 4. On T:942 you advanced to experience level 5. On T:994 you reached level 2 of The Gnomish Mines. On T:1172 you reached level 3 of The Gnomish Mines. Score breakdown: Gold: 348 ( 8649 points) Experience: 5 levels (11141 points) Exploration: 7 levels ( 14.89%) (10834 points) Discoveries: 4 items ( 1.60%) ( 3794 points) Valuables value: (no points given unless you survive) Artifact value: 0 ( 0 points) Variety of kills: 18 monsters ( 4.74%) ( 6529 points) Turncount: 1179 turns ( 0 points) Survival: died (score multiplied by 80%) Total score: 32757 Latest messages: $ - 56 gold pieces. c - 2 uncursed food rations. You see here a figurine of a female newt. With great effort you move the boulder. There are a few objects here. Click! You trigger a rolling boulder trap! Fortunately for you, no boulder was released. v - a candle. You hit the giant spider! The giant spider bites! (2x) You miss the giant spider. The giant spider bites! You hit the giant spider! The dwarf is caught in a spider web. The giant spider bites! You hit the giant spider. The giant spider bites! You miss the giant spider. The giant spider bites! (2x) You miss the giant spider. The giant spider bites! The giant spider's bite was poisoned! Valkyrie, your life force is running out. You die... Final status: Farvel idiot the Valkyrie, killed by a giant spider... You died in The Gnomish Mines on dungeon level 7 with 32757 points, and 348 pieces of gold, after 1179 moves. You were level 5 with a maximum of 40 hit points when you died.